 Dungeon Crawl Stone Soup version 0.31-a0-267-g3fc6992b3b (webtiles) character file.

Game seed: 1514445874122104944

11 qw the Shooter (level 2, 0/16 HPs)
             Began as a Gargoyle Hexslinger on July 13, 2023.
             Slain by a kobold
             ... wielding a +0 club
              (4 damage)
             ... on level 1 of the Dungeon.
             The game lasted 00:00:05 (119 turns).

qw the Shooter (Gargoyle Hexslinger)                 Turns: 119, Time: 00:00:05

Health: 0/16       AC:  4    Str: 11    XL:     2   Next: 25%
Magic:  3/3        EV: 12    Int: 13    God:
Gold:   0          SH:  0    Dex: 12    Spells: 2/3 levels left

rFire   . . .        a - +1 sling
rCold   . . .        (no shield)
rNeg    + . .        c - +0 robe
rPois   inf          (no helmet)
rElec   +            (no cloak)
rCorr   .            (no gloves)
SInv    .            (no boots)
Will    .....        (no amulet)
Stlth   +            (no ring)
HPRegen 0.22/turn    (no ring)
MPRegen 0.08/turn

%: no passive effects
@: no status effects
A: sickness immunity, AC +2, negative energy resistance 1, electricity
resistance, torment resistance 1, petrification resistance
a: no special abilities


You were on level 1 of the Dungeon.
You visited 1 branch of the dungeon, and saw 1 of its levels.


Innate Abilities, Weirdness & Mutations

You are immune to sickness and miasma.
Your stone body is resilient. (AC +2)
You are immune to poison.
You resist negative energy. (rN+)
You are resistant to electric shocks. (rElec)
You are resistant to unholy torment.
You are immune to petrification.


   Skills:
 - Level 1.1 Fighting
 + Level 2.9 Ranged Weapons
 - Level 1.5 Dodging
 - Level 1.0 Spellcasting
 - Level 2.6 Hexes


You had 2 spell levels left.
You knew the following spells:

 Your Spells              Type           Power      Damage    Failure   Level
a - Slow                  Hex            28%        N/A       10%         1

Your spell library contained the following spells:

 Spells                   Type           Power      Damage    Failure   Level
 Inner Flame              Hex/Fire       4%         N/A       43%         3
 Portal Projectile        Hex/Tloc       8%         N/A       43%         3
 Cause Fear               Hex            3%         N/A       67%         4

Inventory:

Hand Weapons
 a - a +1 sling (weapon)
Armour
 c - a +0 robe (worn)
Scrolls
 b - a scroll of poison

Dungeon Overview and Level Annotations

Branches:
Dungeon (1/15)

Altars:


Message History

You shoot a sling bullet.
The sling bullet barely misses the kobold.
The sling bullet misses the kobold.
The kobold hits you but does no damage.
You shoot a sling bullet.
The sling bullet closely misses the kobold.
The sling bullet hits the kobold but does no damage.
A kobold comes into view. It is wielding a +0 short sword.
The kobold hits you but does no damage. The kobold misses you.
You shoot a sling bullet.
The sling bullet barely misses the kobold.
The sling bullet hits the endoplasm.
You kill the endoplasm!
The kobold closely misses you. The kobold hits you with a +0 dagger.
You shoot a sling bullet.
The sling bullet closely misses the kobold.
The kobold hits you with a +0 club. The kobold closely misses you.
You shoot a sling bullet.
The sling bullet barely misses the kobold.
The sling bullet closely misses the kobold.
The kobold hits you with a +0 club. The kobold hits you with a +0 dagger.
The kobold hits you with a +0 club. The kobold barely misses you.
You shoot a sling bullet.
The sling bullet barely misses the kobold.
The sling bullet hits the kobold.
You kill the kobold!
The kobold hits you with a +0 club. The kobold hits you with a +0 dagger.
You shoot a sling bullet. The sling bullet hits the kobold.
The kobold is moderately wounded.
The kobold closely misses you. x2
You shoot a sling bullet.
The sling bullet barely misses the kobold.
The kobold closely misses you. The kobold hits you but does no damage.
The kobold hits you with a +0 dagger. The kobold barely misses you.
You shoot a sling bullet. The sling bullet hits the kobold!
You kill the kobold!
The kobold hits you but does no damage.
You shoot a sling bullet. The sling bullet misses the kobold.
The kobold hits you with a +0 club.
You die...

P.bP..#.#P..###
PP....#.#..##
..P.#P#.#b##
#######.###
#..#### ##....#
####.#
#K####...
#@).)....
######...


You could see a kobold.

Vanquished Creatures
  A dart slug (D:1)
  A ball python (D:1)
  An endoplasm (D:1)
  A goblin (D:1)
  4 frilled lizards (D:1)
  2 kobolds (D:1)
10 creatures vanquished.

Notes
Turn   | Place    | Note
-------+----------+-------------------------------------------
     0 | D:1      | qw the Gargoyle Hexslinger began the quest for the Orb.
     0 | D:1      | Reached XP level 1. HP: 12/12 MP: 2/2
     0 | D:1      | 0 ||| qw: Version: 0.3-a-52-g30416fa
     0 | D:1      | 0 ||| qw: Game counter: 7730
     0 | D:1      | 0 ||| qw: Melee chars always use a shield: true
     0 | D:1      | 0 ||| qw: God list: Okawaru
     0 | D:1      | 0 ||| qw: Allow faded altars: false
     0 | D:1      | 0 ||| qw: Do Orc after clearing Dungeon:15 true
     0 | D:1      | 0 ||| qw: Do second Lair branch before Depths: true
     0 | D:1      | 0 ||| qw: Lair rune preference: random
     0 | D:1      | 0 ||| qw: Goals: Normal
     0 | D:1      | 0 ||| PLANNING D:1-11
   107 | D:1      | Reached XP level 2. HP: 16/16 MP: 3/3
   115 | D:1      | HP: 4/16 [kobold/+0 dagger (2)]
   119 | D:1      | Slain by a kobold

Levels and vault maps discovered:
D:1:      wander_arrival_estate, layout_rooms, chequers_ecumenical_altar_island,
          serial_aquarium, aquarium_bridge_long_separate
          [aquarium_subvault_wall, aquarium_subvault_wall,
          aquarium_subvault_bridge, aquarium_subvault_bridge,
          aquarium_subvault_balcony, aquarium_subvault_bridge],
          aquarium_window_double, aquarium_window_corner, aquarium_view_2b,
          aquarium_balcony_3b, aquarium_pool_S

Action                     || total
---------------------------++-------
   Fire: Sling             ||    27
 Armour: Robe              ||     4
  Dodge: Dodged            ||    13

Table legend:
 A = Non-vault XP
 B = Vault XP
 C = Vault XP percentage of total XP
 D = Non-vault monster count
 E = Vault monster count
 F = Vault count percentage of total count
                 A         B        C        D         E       F
            +---------+---------+-------+---------+---------+-------
      Total |      16 |       0 |   0.0 |      10 |       0 |   0.0
            +---------+---------+-------+---------+---------+-------
        D:1 |      16 |       0 |   0.0 |      10 |       0 |   0.0
            +---------+---------+-------+---------+---------+-------
